Map: Winter Madness LE

Players

MaxPax - Winner!

  • Race: Protoss Protoss
  • League: Grandmaster
  • Spawn Location: 11:00

LiquidClem (Clem)

  • Race: Terran Terran
  • League: Grandmaster
  • Spawn Location: 5:00

VOD

Have the link to the VOD?

Description

Time

  • Played on: Nov. 17, 2025, 3:01 p.m.
  • Length: 17:31
Show
View Real Time Build Order
Export as new Build Order

MaxPax Protoss - Winner!

Build Orders: 1 Gate Expand, Blink Stalkers 

Get SALT Encoding   

  12  0:00  Probe  
  13  0:12  Probe  
  14  0:17  Pylon  
  14  0:23  Probe  
  15  0:31  Probe  
  15  0:36  Gateway  
  15  0:39  Probe  
  16  0:45  Assimilator  
  17  0:51  Probe  
  18  1:03  Probe  
  19  1:15  Probe  
  20  1:23  Cybernetics Core  
  20  1:32  Nexus  
  20  1:34  Probe  
  21  1:40  Pylon  
  21  1:46  Probe  
  22  1:48  Assimilator  
  22  1:49  Adept  
  22  1:58  Probe  
  22  2:01  Warp Gate  
  25  2:11  Probe  
  26  2:17  Shield Battery, Stalker  
  28  2:23  Probe  
  29  2:30  Blink  
  29  2:32  Twilight Council  
  29  2:35  Probe  
  30  2:40  Probe  
  30  2:47  Probe  
  30  2:50  Probe, Gateway  
  33  2:59  Probe  
  33  3:01  Probe  
  35  3:11  Probe  
  36  3:13  Probe  
  36  3:18  Robotics Facility  
  37  3:23  Probe  
  37  3:26  Probe  
  39  3:27  Gateway  
  39  3:32  Pylon  
  39  3:35  Probe  
  41  3:47  Probe  
  41  3:48  Probe, Pylon, Stalker  
  42  3:51  Stalker  
  46  3:56  Assimilator  
  46  3:59  Probe  
  46  4:00  Probe  
  48  4:05  Warp Prism  
  50  4:12  Probe  
  50  4:13  Probe, Stalker  
  54  4:20  Pylon  
  54  4:21  Stalker  
  54  4:24  Probe  
  57  4:25  Stalker  
  57  4:30  Probe  
  60  4:35  Assimilator  
  60  4:36  Probe  
  61  4:39  Stalker  
  61  4:41  Observer  
  64  4:46  Stalker  
  66  4:59  Templar Archives  
  65  5:03  Zealot  
  65  5:05  Stalker  
  67  5:14  Probe  
  67  5:16  Probe  
  67  5:26  Probe  
  67  5:27  Psionic Storm  
  68  5:28  Probe  
  68  5:30  Pylon  
  68  5:32  Nexus  
  68  5:33  Pylon  
  69  5:43  Probe  
  69  5:44  Pylon  
  69  5:48  Probe  
  71  5:52  Charge  
  71  5:55  Probe  
  71  6:00  Probe  
  72  6:05  Gateway  
  72  6:07  Probe, Gateway  
  72  6:08  High Templar x2  
  72  6:09  Gateway  
  72  6:10  Gateway  
  77  6:12  Probe  
  77  6:13  Gateway  
  78  6:19  Probe  
  78  6:24  Probe  
  80  6:26  High Templar  
  80  6:27  Immortal  
  80  6:28  Pylon  
  80  6:30  Forge  
  80  6:31  Probe  
  83  6:36  Probe  
  88  6:42  Shield Battery, Protoss Ground Weapons Level 1  
  88  6:43  Probe  
  88  6:45  Pylon  
  88  6:46  Probe  
  90  6:48  Probe, Sentry  
  93  6:55  Probe  
  93  6:58  Probe  
  93  6:59  Immortal  
  93  7:00  Probe  
  96  7:02  Nexus  
  96  7:13  Probe  
  101  7:16  Pylon  
  101  7:19  Zealot x3  
  107  7:23  High Templar  
  107  7:25  Zealot x2  
  107  7:26  Probe  
  114  7:36  Zealot x2  
  114  7:40  Immortal  
  104  7:44  Probe  
  104  7:45  Zealot x3  
  104  7:48  Zealot x2  
  119  7:52  Probe  
  119  7:56  Robotics Bay  
  118  8:00  Zealot x3  
  118  8:01  Probe  
  118  8:03  Probe  
  118  8:04  Probe  
  121  8:16  Probe  
  121  8:17  Probe x2  
  121  8:18  Probe  
  115  8:22  Forge  
  115  8:24  Stalker x4  
  123  8:28  Probe  
  123  8:29  Probe x2  
  123  8:32  Probe  
  127  8:34  Colossus  
  127  8:36  Pylon  
  127  8:40  Probe  
  127  8:41  Probe x2, Protoss Ground Weapons Level 2  
  128  8:45  Pylon, High Templar  
  128  8:47  Nexus  
  138  8:50  Protoss Ground Armor Level 1  
  138  8:55  Assimilator  
  138  8:56  Assimilator  
  138  9:02  Probe  
  139  9:09  Pylon, Extended Thermal Lance  
  139  9:10  Unknown  
  139  9:11  Zealot x5  
  149  9:19  Pylon, Robotics Facility  
  149  9:22  Zealot x3  
  155  9:27  Probe  
  155  9:29  Probe  
  155  9:30  Colossus  
  163  9:36  Zealot x2  
  163  9:37  Zealot x2  
  163  9:38  Zealot  
  171  9:47  Gateway  
  171  9:49  Gateway  
  171  9:51  Zealot x3  
  171  9:52  Colossus, Gateway  
  177  9:54  Gateway  
  177  9:55  Probe  
  177  9:56  Probe  
  177  10:08  High Templar  
  177  10:13  Pylon  
  185  10:15  Zealot  
  185  10:17  Pylon  
  185  10:20  Gateway  
  187  10:22  Gateway  
  187  10:25  Pylon  
  185  10:31  Pylon  
  185  10:35  Zealot x7  
  199  10:41  Photon Cannon  
  197  10:44  Colossus  
  175  10:50  Archon x2  
  175  10:52  Zealot x5  
  175  10:55  Colossus  
  183  11:01  Stalker x7  
  165  11:15  Zealot x6  
  165  11:18  Nexus  
  171  11:23  High Templar  
  171  11:24  Protoss Ground Weapons Level 3  
  167  11:26  Protoss Ground Armor Level 2  
  167  11:27  Stalker x2  
  167  11:29  Zealot  
  167  11:30  High Templar x4  
  179  11:33  Archon x2  
  179  11:38  Zealot x3  
  179  11:39  Zealot x3  
  191  11:46  Colossus  
  191  11:52  Zealot x3  
  175  11:59  Colossus  
  149  12:07  High Templar x3  
  161  12:09  Probe x3  
  164  12:16  Stalker x4  
  164  12:17  Probe x2  
  164  12:20  Zealot x2, Sentry  
  164  12:21  Probe x2  
  182  12:27  Stalker x2  
  182  12:28  Stalker  
  188  12:32  Probe  
  177  12:53  Immortal x2  
  167  13:02  High Templar  
  167  13:03  High Templar  
  167  13:04  Stalker x5  
  167  13:05  Zealot x5, Stalker x2  
  193  13:07  Archon  
  197  13:28  High Templar  
  197  13:29  Observer  
  200  13:37  Dark Shrine  
  200  13:40  Gateway  
  200  13:43  Gateway  
  198  13:49  Pylon  
  198  13:51  Nexus, High Templar  
  200  13:57  Archon  
  200  13:59  Protoss Shields Level 1  
  198  14:04  Protoss Ground Armor Level 3  
  198  14:09  Gateway  
  198  14:13  Gateway  
  198  14:14  Gateway  
  198  14:15  Gateway  
  196  14:19  High Templar x2  
  196  14:20  Robotics Facility  
  198  14:39  Gateway  
  191  14:55  Archon  
  191  14:56  Zealot x5  
  197  15:06  Zealot x7, Archon  
  197  15:07  Zealot  
  199  15:10  Colossus  
  199  15:12  Zealot x4  
  195  15:15  Zealot x3  
  187  15:22  Zealot x5  
  187  15:23  Colossus  
  187  15:27  Zealot x8  
  185  15:29  Colossus  
  185  15:34  High Templar x5  
  187  15:35  High Templar  
  187  15:36  Zealot x2  
  187  15:38  Archon  
  187  15:39  Archon x2  
  187  15:42  Assimilator x2  
  191  15:44  Zealot  
  191  15:49  Zealot x4  
  187  15:50  Zealot x3  
  187  15:51  Nexus  
  187  15:52  Pylon  
  187  15:55  Zealot x5  
  175  16:04  Observer  
  167  16:05  High Templar x3  
  167  16:07  Stalker  
  167  16:08  Stalker x5  
  178  16:13  Zealot x2  
  178  16:14  Zealot x4  
  178  16:16  Zealot x6  
  196  16:34  Stalker  
  196  16:35  Observer, Stalker x2  
  175  16:48  Zealot x9  
  175  16:49  Zealot x2  
Show
View Real Time Build Order
Export as new Build Order

LiquidClem Terran 

Build Orders: 1/1/1 

Get SALT Encoding   

  12  0:00  SCV  
  13  0:12  SCV  
  14  0:16  Supply Depot  
  14  0:24  SCV  
  15  0:38  SCV  
  15  0:39  Barracks  
  15  0:42  Refinery  
  16  0:50  SCV  
  16  0:51  Refinery  
  17  1:02  SCV  
  18  1:14  SCV  
  19  1:27  Reaper, Orbital Command  
  20  1:39  Factory  
  20  1:45  Supply Depot  
  20  1:53  SCV  
  21  1:59  Barracks Reactor  
  21  2:05  SCV  
  22  2:15  Command Center  
  22  2:17  SCV  
  23  2:26  Starport  
  23  2:31  Widow Mine  
  23  2:34  SCV  
  26  2:39  Supply Depot  
  26  2:45  Marine x2  
  26  2:48  SCV  
  29  2:53  Factory Tech Lab  
  29  3:00  SCV  
  29  3:02  Medivac  
  29  3:03  Marine  
  33  3:07  Marine  
  34  3:13  Siege Tank  
  34  3:16  SCV  
  38  3:22  Marine  
  38  3:26  Marine  
  40  3:28  Orbital Command  
  41  3:36  Viking  
  41  3:40  Marine  
  43  3:43  SCV  
  43  3:44  Marine  
  45  3:48  Orbital Command  
  45  3:50  Siege Tank  
  48  3:56  SCV  
  48  3:58  Marine  
  48  4:02  Supply Depot, Marine  
  51  4:09  Starport Tech Lab  
  51  4:14  SCV  
  51  4:15  SCV  
  53  4:18  Marine  
  53  4:22  Supply Depot  
  53  4:23  Marine  
  55  4:26  Siege Tank, SCV  
  55  4:29  SCV  
  60  4:32  Barracks  
  60  4:38  SCV  
  61  4:42  SCV  
  61  4:43  Bunker  
  61  4:45  Supply Depot  
  62  4:48  Raven  
  62  4:50  Marine, SCV  
  62  4:51  Marine  
  66  4:56  Supply Depot, SCV  
  65  5:03  SCV  
  66  5:09  Siege Tank  
  66  5:11  SCV  
  66  5:13  Marine x2  
  68  5:16  SCV  
  68  5:19  Refinery  
  65  5:23  Supply Depot, SCV  
  66  5:30  Marine, Stimpack  
  66  5:33  Marine, Engineering Bay  
  66  5:34  Marine  
  69  5:36  SCV  
  69  5:40  Supply Depot, SCV, Refinery  
  71  5:48  SCV  
  72  5:50  Barracks  
  72  5:52  Marine, SCV  
  72  5:53  Marine x2  
  76  6:00  SCV  
  76  6:04  SCV  
  76  6:05  Supply Depot  
  76  6:08  Starport Reactor  
  77  6:12  SCV  
  77  6:14  Engineering Bay  
  77  6:15  Factory Reactor  
  77  6:17  Command Center  
  78  6:19  SCV  
  78  6:23  Marauder  
  78  6:25  Marine x2, SCV  
  84  6:31  SCV  
  85  6:37  SCV  
  85  6:39  Supply Depot  
  86  6:40  Terran Infantry Weapons Level 1  
  86  6:42  Marine x2  
  86  6:45  Marauder, Medivac x2  
  86  6:46  SCV  
  95  6:48  Combat Shield  
  95  6:49  SCV  
  95  6:51  Marauder  
  98  6:58  Widow Mine x2  
  98  6:59  SCV  
  98  7:00  Marine x2  
  105  7:01  SCV  
  105  7:05  Barracks  
  105  7:06  Barracks  
  106  7:09  Marauder  
  106  7:11  Concussive Shells, SCV  
  106  7:15  SCV  
  110  7:20  Marine x2  
  112  7:23  Marauder, SCV  
  112  7:27  SCV  
  116  7:30  Marauder  
  116  7:34  Supply Depot  
  116  7:35  SCV  
  117  7:39  SCV  
  117  7:40  Marine x2  
  117  7:42  Medivac x2, Widow Mine  
  124  7:44  Marauder  
  124  7:47  Supply Depot, SCV  
  128  7:51  SCV  
  128  7:57  Barracks Reactor, Barracks Tech Lab  
  128  7:59  Barracks Tech Lab, SCV  
  128  8:00  Orbital Command  
  128  8:03  SCV  
  128  8:04  Supply Depot  
  130  8:10  Marauder  
  130  8:11  SCV  
  125  8:15  SCV  
  125  8:19  Refinery x2  
  124  8:21  Marauder x2  
  124  8:22  Ghost Academy  
  124  8:23  SCV  
  124  8:26  SCV  
  130  8:27  Supply Depot, SCV  
  130  8:29  Marine x2  
  130  8:32  Bunker  
  130  8:34  Supply Depot, Terran Infantry Armor Level 1  
  133  8:35  SCV  
  133  8:38  Medivac x2, Sensor Tower, SCV  
  139  8:42  SCV  
  139  8:44  Supply Depot  
  140  8:49  Command Center  
  140  8:51  Ghost  
  140  8:52  Ghost  
  140  8:55  Ghost  
  144  8:57  Ghost  
  144  9:02  Starport  
  148  9:03  Marine x2  
  150  9:11  Viking x2  
  150  9:16  Supply Depot  
  154  9:18  Missile Turret  
  154  9:21  Missile Turret, Sensor Tower  
  154  9:22  Barracks  
  154  9:24  Barracks  
  154  9:25  Barracks  
  154  9:27  Ghost  
  156  9:32  Ghost  
  156  9:33  Missile Turret  
  156  9:37  Armory  
  156  9:38  Ghost  
  160  9:42  Supply Depot, Marine x2  
  160  9:43  Viking  
  164  9:47  Viking  
  164  9:51  Viking  
  168  9:55  Supply Depot  
  168  9:58  Viking  
  170  10:04  Ghost  
  171  10:08  SCV  
  171  10:10  Missile Turret, SCV  
  173  10:18  Barracks Tech Lab x2  
  173  10:19  Barracks Reactor  
  175  10:21  Marauder  
  175  10:24  Viking  
  175  10:25  Marine x2  
  175  10:26  Viking x2  
  175  10:27  Marauder  
  185  10:32  Sensor Tower  
  185  10:34  SCV  
  186  10:35  Refinery  
  186  10:38  Command Center  
  186  10:39  Refinery, Planetary Fortress  
  185  10:48  Ghost  
  178  10:55  Marauder  
  178  10:56  Marauder  
  159  11:02  Medivac  
  159  11:03  Marauder, Marine x2  
  156  11:04  Marauder, Marine  
  156  11:06  Marauder, Marine  
  156  11:08  SCV  
  154  11:17  Marauder, Marine x2  
  154  11:18  Terran Infantry Weapons Level 2  
  154  11:21  Marine x2  
  154  11:23  Terran Infantry Armor Level 2  
  154  11:24  Marine  
  154  11:25  Marauder  
  153  11:26  Marauder, SCV  
  153  11:27  Marine, SCV  
  153  11:28  Marauder, SCV  
  161  11:34  Terran Ship Weapons Level 1  
  161  11:36  SCV  
  161  11:38  Viking  
  161  11:39  Viking  
  164  11:42  Marauder  
  164  11:43  SCV  
  164  11:45  Viking  
  169  11:48  Viking  
  157  11:57  Marauder  
  157  12:00  Marauder  
  153  12:04  SCV x2  
  153  12:05  SCV  
  153  12:08  Viking, Orbital Command  
  158  12:09  Viking  
  158  12:12  Ghost  
  162  12:16  Ghost  
  162  12:17  SCV  
  165  12:23  Sensor Tower  
  165  12:24  Ghost  
  165  12:28  Ghost  
  169  12:30  Ghost  
  169  12:32  Marine  
  169  12:33  Marine  
  169  12:36  Marine  
  174  12:37  Marine  
  174  12:41  SCV  
  174  12:42  SCV  
  172  12:47  Ghost  
  171  12:51  Marauder  
  171  12:54  Medivac  
  171  12:55  Marine  
  171  12:56  SCV  
  173  12:59  SCV  
  173  13:00  Medivac  
  173  13:01  Marauder  
  173  13:04  Ghost  
  173  13:05  Sensor Tower  
  180  13:11  Ghost  
  182  13:14  Marauder  
  182  13:18  Viking  
  182  13:19  Marauder  
  188  13:20  Ghost  
  188  13:26  Viking  
  188  13:27  Marauder, Marine  
  188  13:28  Marine x3  
  188  13:31  Viking  
  188  13:33  Viking  
  196  13:41  Terran Infantry Weapons Level 3  
  196  13:42  Marine, Orbital Command  
  196  13:47  Marauder  
  197  13:51  Command Center  
  197  13:53  Terran Infantry Armor Level 3  
  199  13:55  Marauder  
  197  14:03  Ghost  
  197  14:07  Marine  
  200  14:10  Missile Turret, Terran Ship Weapons Level 2  
  200  14:11  Missile Turret  
  200  14:28  Fusion Core  
  198  14:32  Ghost, Command Center  
  198  14:36  Personal Cloaking  
  200  14:43  Command Center  
  200  14:48  Ghost  
  200  14:52  Ghost  
  194  14:54  Marauder  
  194  14:57  Ghost  
  198  15:01  Viking  
  198  15:04  Ghost  
  198  15:05  Ghost  
  191  15:07  Medivac, Marine  
  191  15:09  Marine  
  191  15:11  Viking  
  181  15:17  Marine x2  
  181  15:18  Viking  
  181  15:20  Marauder  
  180  15:25  Marauder  
  180  15:27  Marauder  
  164  15:30  Marine  
  164  15:31  Viking, Marine  
  164  15:32  Marauder  
  164  15:34  Marauder  
  163  15:36  Marauder  
  163  15:41  Viking  
  163  15:42  Marauder  
  167  15:44  Marine  
  167  15:46  Viking  
  167  15:47  Marauder  
  167  15:48  Marauder  
  169  15:55  Viking  
  150  15:58  Marauder, Marine  
  150  16:00  Marauder  
  150  16:03  Marine x2  
  142  16:05  Marauder x2  
  142  16:10  Viking  
  142  16:11  Marine  
  144  16:18  Marine  
  145  16:28  Ghost  
  138  16:34  Ghost  
  138  16:36  Ghost  
Tags
 
Add a new tag
Caveats
  • Supply blocks, unpowered buildings, or Contaminate may cause inaccurate times.
  • Supply counts are checked every 10 seconds.